 Dungeon Crawl Stone Soup version 0.30-a0-1112-gfb780f5df6 (webtiles) character file.

Game seed: 2628287439672005010

3094 hwolsky the Cleaver (level 9, -3/121 HPs)
             Began as a Minotaur Fighter on Apr 19, 2023.
             Was an Initiate of Okawaru.
             Slain by an orc warrior
             ... wielding a +0 trident
              (10 damage)
             ... on level 8 of the Dungeon.
             The game lasted 00:19:12 (6115 turns).

hwolsky the Cleaver (Minotaur Fighter)              Turns: 6115, Time: 00:19:13

Health: -3/121     AC: 18    Str: 24    XL:     9   Next: 59%
Magic:  8/8        EV:  6    Int:  5    God:    Okawaru [......]
Gold:   303        SH:  5    Dex: 11    Spells: 8/8 levels left

rFire   . . .      SeeInvis .    a - +0 war axe
rCold   . . .      Faith    .    c - +0 buckler
rNeg    + . .      Spirit   .    u - +0 plate armour
rPois   .          Reflect  .    (helmet restricted)
rElec   .          Rampage  .    n - +0 cloak
rCorr   .                        j - +0 pair of gloves
Will    +....                    g - +1 pair of boots Stlth
                                 (no amulet)
HPRegen 0.40/turn                s - ring "Syepifocw" {Wiz rN+ Will+ Slay+3}
MPRegen 0.11/turn                (no ring)

@: berserking, slow
A: horns 2, retaliatory headbutt
a: Renounce Religion


You were on level 8 of the Dungeon.
You worshipped Okawaru.
Okawaru was noncommittal.
You visited 2 branches of the dungeon, and saw 9 of its levels.
You also visited: Sewer.

You collected 303 gold pieces.

Inventory:

Hand Weapons
 a - a +0 war axe (weapon)
Missiles
 r - 2 boomerangs (quivered)
Armour
 c - a +0 buckler (worn)
 g - a +1 pair of boots (worn)
 j - a +0 pair of gloves (worn)
 n - a +0 cloak (worn)
 u - a +0 plate armour (worn)
 z - a +0 tower shield
Jewellery
 l - a ring of ice
 s - the ring "Syepifocw" (left hand) {Wiz rN+ Will+ Slay+3}
   (You found it on level 3 of the Dungeon)

   [ring of wizardry]

   It improves your spell success rate.
   Slay:      It affects your accuracy & damage with ranged weapons and melee
   (+3).
   rN:        It protects you from negative energy.
   Will:      It increases your willpower.
Wands
 y - a wand of roots (15)
 A - a wand of flame (17)
Scrolls
 b - a scroll of fog
 m - a scroll of amnesia
 p - a scroll of summoning
 q - 3 scrolls of teleportation
 v - a scroll of identify
Potions
 d - 6 potions of curing
 e - 2 potions of haste
 f - 2 potions of brilliance
 h - a potion of attraction
 k - a potion of resistance
 o - 2 potions of degeneration
 t - 4 potions of flight
 w - 2 potions of magic
 x - 2 potions of mutation
 B - a potion of berserk rage
 D - a potion of ambrosia
 E - a potion of lignification


   Skills:
 + Level 8.1 Fighting
 * Level 10.4 Axes
 + Level 8.1 Armour
 + Level 8.1 Shields


You had 8 spell levels left.
You didn't know any spells.
Your spell library contained the following spells:

 Spells                   Type           Power      Damage    Failure   Level
 Apportation              Tloc           0%         N/A       96%         1
 Freeze                   Ice            0%         1d3       96%         1
 Magic Dart               Conj           0%         1d3       96%         1
 Cigotuvi's Dreadful Rot  Necr/Pois/Air  0%         N/A       99%         2
 Ensorcelled Hibernation  Hex/Ice        0%         N/A       99%         2
 Passwall                 Tmut/Erth      0%         N/A       99%         2
 Frozen Ramparts          Ice            0%         1d1       100%        3
 Hailstorm                Conj/Ice       0%         3d3       100%        3
 Ignite Poison            Fire/Tmut/Pois 0%         N/A       100%        3
 Mephitic Cloud           Conj/Pois/Air  0%         N/A       100%        3
 Spider Form              Tmut/Pois      0%         N/A       100%        3
 Swiftness                Air            0%         N/A       100%        3
 Anguish                  Hex/Necr       0%         N/A       100%        4
 Passage of Golubria      Tloc           0%         N/A       100%        4
 Alistair's Intoxication  Tmut/Pois      0%         N/A       100%        5
 Freezing Cloud           Conj/Ice/Air   0%         6-21      100%        5
 Yara's Violent Unravell  Hex/Tmut       0%         3d3       100%        5
 Storm Form               Tmut/Air       0%         N/A       100%        7
 Maxwell's Capacitive Co  Air            0%         ∞         100%        8
 Summon Small Mammal      Summ           Unusable   N/A       N/A         1
 Call Imp                 Summ           Unusable   N/A       N/A         2
 Call Canine Familiar     Summ           Unusable   N/A       N/A         3
 Summon Guardian Golem    Hex/Summ       Unusable   N/A       N/A         3
 Tukima's Dance           Hex            Unusable   N/A       N/A         3
 Summon Lightning Spire   Summ/Air       Unusable   N/A       N/A         4

Dungeon Overview and Level Annotations

Branches:
Dungeon (8/15)             Temple (1/1) D:7           Sewer (visited)
   Lair: D:8-11

Altars:
Ashenzari
Cheibriados
Dithmenos
Elyvilon
Fedhas
Gozag
Hepliaklqana
Kikubaaqudgha
Makhleb
Nemelex Xobeh
Okawaru
Qazlal
Ru
Sif Muna
Uskayaw
Wu Jian
Xom
Yredelemnul
Zin
The Shining One

Shops:
D:3 [


Innate Abilities, Weirdness & Mutations

You have a pair of horns on your head.
You reflexively headbutt those who attack you in melee.


Message History

The orc warrior hits you from afar with a +0 trident.
* * * LOW HITPOINT WARNING * * *
You closely miss the electric eel.
The electric eel is almost dead.
You slash the plant! You hit the orc wizard. You slash the plant! x2
The orc wizard hits you but does no damage.
Your unstable footing causes you to fumble your attack.
A nearby plant withers and dies. x4
The orc warrior splashes around in the water.
The orc wizard hits you but does no damage.
You barely miss the electric eel. Your headbutt misses the electric eel.
The electric eel is almost dead.
You slash the orc wizard!
You kill the orc wizard!
Okawaru accepts your kill.
You hear a splash. x3
The electric eel shoots out a bolt of lightning at you!
The bolt of electricity hits you.
* * * LOW HITPOINT WARNING * * *
The bolt of electricity hits the plant!
The orc warrior splashes around in the water.
Your unstable footing causes you to fumble your attack.
A nearby plant withers and dies.
Your unstable footing causes you to fumble your attack.
The orc warrior hits you from afar with a +0 trident.
* * * LOW HITPOINT WARNING * * *
The electric eel shoots out a bolt of lightning at you!
The bolt of electricity misses you.
Your unstable footing causes you to fumble your attack.
The orc warrior hits you but does no damage.
You barely miss the electric eel. You headbutt the electric eel.
You kill the electric eel!
Okawaru accepts your kill.
You hear a splash.
The orc warrior hits you with a +0 trident.
* * * LOW HITPOINT WARNING * * *
Items here: ) ? [ †.
Your unstable footing causes you to fumble your attack.
The orc warrior hits you with a +0 trident!
You die...

#..~)~)≈♣♣≈~P
#..~~).~~♣≈♣~P
#..##..~.P~♣≈♣~
#.# ##..PPP♣≈≈~
#. ##)~.PP♣ #.
#...P♣~♣
####))PP♣ ~~
##~~o~~~♣~~~P
#~.~~@†♣PP.P.
..~~~~♣~~.~P...
#.~~~P~.~P=..##
##~~~~..###.##
#~~.P#.# .#
#####..# # .##
#


You could see an orc warrior.

Vanquished Creatures
  Psyche (D:8)
  A steam dragon (D:7)
  A water moccasin (D:6)
  4 ice beasts
  3 black bears
  A centaur (D:7)
  2 phantoms
  3 kobold brigands
  2 bullfrogs (D:7)
  3 scorpions
  6 jellies
  A wight (D:6)
  5 howler monkeys
  An electric eel (D:8)
  4 hounds
  2 orc priests
  Natasha (twice) (D:2)
  2 gnoll boudas
  Jessica (D:2)
  Terence (D:2)
  2 iguanas (D:6)
  4 orc wizards
  Robin (D:2)
  5 adders
  3 gnolls (D:5)
  2 shadow imps
  A white imp (D:6)
  2 ufetubi
  4 worms
  A dart slug (D:3)
  23 orcs
  8 bats
  5 endoplasms
  2 giant cockroaches (D:2)
  11 hobgoblins
  12 jackals
  23 kobolds
  5 quokkas
  9 ball pythons
  2 frilled lizards (D:2)
  20 goblins
  10 rats
201 creatures vanquished.

Vanquished Creatures (others)
  An orc (D:8)
  26 plants (D:8)
27 creatures vanquished.

Grand Total: 228 creatures vanquished

Notes
Turn   | Place    | Note
-------+----------+-------------------------------------------
     0 | D:1      | hwolsky the Minotaur Fighter began the quest for the Orb.
     0 | D:1      | Reached XP level 1. HP: 19/19 MP: 0/0
   178 | D:1      | Reached XP level 2. HP: 27/27 MP: 1/1
   303 | D:1      | Reached skill level 3 in Axes
   983 | D:2      | Noticed Robin
   990 | D:2      | Reached XP level 3. HP: 18/33 MP: 2/2
   995 | D:2      | Killed Robin
  1124 | D:2      | Noticed Natasha
  1143 | D:2      | Reached XP level 4. HP: 39/40 MP: 3/3
  1150 | D:2      | Killed Natasha
  1151 | D:2      | Reached skill level 4 in Axes
  1496 | D:2      | Noticed Terence
  1506 | D:2      | Killed Terence
  1507 | D:2      | Reached XP level 5. HP: 41/47 MP: 4/4
  1529 | D:2      | Noticed Natasha
  1533 | D:2      | Killed Natasha
  1555 | D:2      | Noticed Jessica
  1561 | D:2      | Killed Jessica
  1836 | D:3      | Identified the ring "Syepifocw" {Wiz rN+ Will+ Slay+3}
  1926 | D:3      | Found Gomozay's Antique Armour Emporium.
  2015 | D:3      | Reached skill level 5 in Axes
  2031 | D:3      | Found a glowing drain.
  2049 | Sewer    | Entered a sewer
  2145 | Sewer    | Reached skill level 5 in Fighting
  2145 | Sewer    | Reached skill level 5 in Shields
  2145 | Sewer    | Reached XP level 6. HP: 46/56 MP: 5/5
  2188 | Sewer    | Found a white marble altar of Elyvilon.
  2354 | D:3      | Reached skill level 5 in Armour
  2909 | D:4      | Reached skill level 6 in Axes
  2910 | D:4      | Found a basalt altar of Yredelemnul.
  2913 | D:4      | Found a blossoming altar of Fedhas.
  2919 | D:4      | Reached XP level 7. HP: 35/61 MP: 6/6
  3412 | D:4      | Reached skill level 7 in Axes
  3430 | D:4      | Identified the +0 ring mail of Ecuteq {rPois rF- Regen+
                  | Slay+6}
  3725 | D:5      | Entered Level 5 of the Dungeon
  3826 | D:5      | Reached XP level 8. HP: 54/70 MP: 7/7
  4234 | D:5      | Reached skill level 8 in Axes
  4797 | D:6      | Identified the +4 scale mail of Gozag, Lusting {rC+ rCorr}
  4848 | D:6      | Reached skill level 9 in Axes
  5053 | D:7      | Reached XP level 9. HP: 79/79 MP: 8/8
  5252 | D:7      | Found a staircase to the Ecumenical Temple.
  5263 | Temple   | Entered the Ecumenical Temple
  5566 | Temple   | Became a worshipper of Warmaster Okawaru
  5736 | D:7      | Found a burning altar of Makhleb.
  5950 | D:7      | Reached skill level 10 in Axes
  6041 | D:8      | Noticed Psyche
  6057 | D:8      | Killed Psyche
  6115 | D:8      | Slain by an orc warrior

Illustrated notes

Levels and vault maps discovered:
D:1:      psy_arrival_statuary, layout_basic
D:2:      layout_basic, minmay_small_reverse_x, uniq_natasha, uniq_robin,
          uniq_jessica, uniq_terence
D:3:      cheibrodos_helix_gallery, layout_loops_cross,
          cheibrodos_sewer_entry_bend, serial_shops,
          nicolae_shop_window_shopping, minmay_misc_feat_doors
D:4:      layout_loops_ring, mainiacjoe_overflow_big_doors
D:5:      layout_rooms
D:6:      layout_basic, minmay_checkerbox
D:7:      layout_basic, mainiacjoe_overflow_alcove_2, temple_doors_e
D:8:      hangedman_cross_veins, layout_rooms, general_overflow_altar,
          serial_bayou, serial_bayou_lagoon_a, serial_bayou_ford_a,
          serial_bayou_shore_b, serial_bayou_pond_c, uniq_psyche, uniq_erica
Temple:   minmay_temple_bridge_d

Skill      XL: |  1  2  3  4  5  6  7  8  9 |
---------------+----------------------------+-----
Axes           | 3 4 5 6 7 9 10 | 10.4
Armour         | 4 5 6 7 8 |  8.1
Fighting       | 4 5 6 7 8 |  8.1
Shields        | 4 5 6 7 8 |  8.1

Action                     |  1- 3 |  4- 6 |  7- 9 || total
---------------------------+-------+-------+-------++-------
  Melee: War axe           |    74 |   137 |   218 ||   429
         Headbutt          |    11 |    18 |    37 ||    66
    Use: Scroll            |     4 |     5 |    10 ||    19
         Potion            |     1 |       |     6 ||     7
 Armour: Scale mail        |    47 |    71 |     8 ||   126
         Plate armour      |       |       |   126 ||   126
  Dodge: Dodged            |    33 |    83 |    75 ||   191
  Block: Buckler           |    22 |    25 |    57 ||   104

Table legend: (Time is in decaauts)
 A = Elapsed time spent in this place.
 B = Non-inter-level travel time spent in this place.
 C = Inter-level travel time spent in this place.
 D = Time resting spent in this place.
 E = Time spent auto-exploring this place.
 F = Levels seen in this place.
 G = Mean time per level.
                   A        B        C        D        E       F      G
               +--------+--------+--------+--------+--------+-----+--------+
         Total |   6291 |   5933 |    358 |    116 |   3838 |  10 |  629.1 |
       Dungeon |   5605 |   5372 |    233 |    113 |   3491 |   8 |  700.6 |
        Temple |    377 |    252 |    125 |      0 |    211 |   1 |  377.0 |
         Sewer |    308 |    308 |      0 |      2 |    136 |   1 |  308.0 |
               +--------+--------+--------+--------+--------+-----+--------+

Top non-repeatable levels by time:
     D:1: 962 daAuts
     D:4: 941 daAuts
     D:3: 918 daAuts
     D:6: 749 daAuts
     D:2: 740 daAuts
     D:7: 615 daAuts
     D:5: 602 daAuts
  Temple: 377 daAuts
   Sewer: 308 daAuts
     D:8: 75 daAuts
